 Dungeon Crawl Stone Soup version 0.30.1-9-gdf580d7c3d (webtiles) character file.

Game seed: 8794517912509380170

122 pop123321pop the Chopper (level 4, -1/61 HPs)
             Began as a Minotaur Berserker on May 15, 2023.
             Was a Believer of Trog.
             Slain by a white imp (2 damage)
             ... summoned by Eustachio
             ... on level 4 of the Dungeon on Sept 30, 2023.
             The game lasted 00:04:14 (2740 turns).

pop123321pop the Chopper (Minotaur Berserker)       Turns: 2740, Time: 00:04:16

Health: -1/61      AC:  2    Str: 22    XL:     4   Next: 78%
Magic:  3/3        EV: 12    Int:  4    God:    Trog [**....]
Gold:   171        SH:  0    Dex: 11    Spells: 3/3 levels left

rFire   . . .        a - +0 hand axe
rCold   . . .        (no shield)
rNeg    . . .        b - +0 animal skin
rPois   .            (helmet restricted)
rElec   .            (no cloak)
rCorr   .            (no gloves)
SInv    .            (no boots)
Will    .....        (no amulet) Stlth
                     (no ring)
HPRegen 0.30/turn    (no ring)
MPRegen 0.08/turn

%: no passive effects
@: berserking, very quick
A: horns 2, retaliatory headbutt
a: Renounce Religion, Berserk, Trog's Hand


You were on level 4 of the Dungeon.
You worshipped Trog.
Trog was pleased with you.
You visited 1 branch of the dungeon, and saw 4 of its levels.

You collected 171 gold pieces.

Inventory:

Hand Weapons
 a - a +0 hand axe (weapon)
Armour
 b - a +0 animal skin (worn)
Wands
 r - a wand of polymorph (10)
Scrolls
 j - a scroll of identify {unknown}
 k - a scroll of noise {unknown}
 l - a scroll of enchant armour {unknown}
 m - 2 scrolls of immolation {unknown}
 n - 2 scrolls of vulnerability {unknown}
 o - a scroll of acquirement {unknown}
 p - a scroll of amnesia {unknown}
 q - a scroll of fear {unknown}
 s - a scroll of magic mapping {unknown}
Potions
 c - 5 potions of flight {unknown}
 d - a potion of degeneration {unknown}
 e - a potion of invisibility {unknown}
 f - 2 potions of lignification {unknown}
 g - 4 potions of curing {unknown}
 h - 2 potions of cancellation {unknown}
 i - a potion of magic {unknown}
 t - a potion of resistance {unknown}


   Skills:
 + Level 4.7 Fighting
 + Level 4.9 Axes
 + Level 2.9 Armour
 + Level 2.9 Dodging
 + Level 1.1 Stealth


You had 3 spell levels left.
You didn't know any spells.
Your spell library was empty.

Dungeon Overview and Level Annotations

Branches:
Dungeon (4/15)
 Temple: D:4-7

Altars:
Elyvilon
Ru
Xom
Zin
The Shining One

Shops:
D:1 (

Annotations:
D:4 Eustachio


Innate Abilities, Weirdness & Mutations

You have a pair of horns on your head.
You reflexively headbutt those who attack you in melee.


Message History

There are monsters nearby!
There are monsters nearby!
You are too injured to fight recklessly!
Unknown command.
There are monsters nearby!
You are too injured to fight recklessly!
Unknown command.
There are monsters nearby!
You are too injured to fight recklessly!
A red film seems to cover your vision as you go berserk!
You feel yourself moving faster!
You feel mighty! The bat hits you but does no damage.
The iron imp closely misses you.
You slash the iron imp! You headbutt the iron imp.
The iron imp is severely wounded.
You barely miss the white imp. The white imp hits you.
The white imp freezes you. The iron imp hits you!
* * * LOW HITPOINT WARNING * * *
You completely miss the iron imp.
The iron imp is severely wounded.
You hit the white imp but do no damage. You hit the iron imp.
You kill the iron imp!
The iron imp disappears in a puff of smoke!
You completely miss the white imp. The bat closely misses you.
The white imp gestures at you. The puff of frost misses you.
You barely miss the bat. You slash the white imp! The bat closely misses you.
Eustachio gestures wildly while chanting.
Eustachio blinks!
The white imp gestures at you. The puff of frost hits you!
* * * LOW HITPOINT WARNING * * *
The bat closely misses you.
Eustachio mumbles some strange words.
Eustachio blinks!
The white imp shouts, "Crawl home, thou gorbellied dismal-dreaming deadneck!"
The white imp hits you.
* * * LOW HITPOINT WARNING * * *
The white imp freezes you.
You die...

....###...#
... ##..##
. ##..##
##..##
##..# ##.#
#.# ##.#
#5@#
#.@r§b##
....### ###


You could see Eustachio, a river rat (summoned), a white imp (summoned) and a
bat (summoned).

Vanquished Creatures
  A hound (D:4)
  Jessica (D:3)
  2 adders
  2 worms
  A dart slug (D:2)
  2 orcs (D:4)
  2 ball pythons
  4 endoplasms
  3 giant cockroaches (D:3)
  4 hobgoblins
  3 quokkas
  3 bats
  4 goblins
  2 kobolds
  4 rats
38 creatures vanquished.

Notes
Turn   | Place    | Note
-------+----------+-------------------------------------------
     0 | D:1      | pop123321pop the Minotaur Berserker began the quest for the
                  | Orb.
     0 | D:1      | Reached XP level 1. HP: 19/19 MP: 0/0
     0 | D:1      | Upgraded the game from 0.30.0-10-gfe55d96785 to
                  | 0.30.1-9-gdf580d7c3d
    57 | D:1      | Found a faded altar of an unknown god.
   359 | D:1      | Found Tyurai's Antique Weapon Shoppe.
   563 | D:1      | Reached XP level 2. HP: 18/27 MP: 1/1
   995 | D:2      | Reached XP level 3. HP: 30/33 MP: 2/2
  1908 | D:3      | Noticed Jessica
  1919 | D:3      | Killed Jessica
  1920 | D:3      | Reached XP level 4. HP: 21/41 MP: 3/3
  2217 | D:3      | Found a white marble altar of Elyvilon.
  2218 | D:3      | Found a glowing silver altar of Zin.
  2218 | D:3      | Found a glowing golden altar of the Shining One.
  2245 | D:4      | Found a shimmering altar of Xom.
  2373 | D:4      | Found a sacrificial altar of Ru.
  2494 | D:4      | Reached skill level 1 in Stealth
  2674 | D:4      | Reached ** piety under Trog
  2727 | D:4      | Noticed Eustachio
  2740 | D:4      | HP: 1/61 [white imp[Eustachio] (3)]
  2740 | D:4      | Slain by a white imp

Illustrated notes

Levels and vault maps discovered:
D:1:      heliophobic_arrival_battle_scene, layout_loops_ring,
          dreamdust_ecumenical_altar_statues, serial_shops, shop,
          chequers_arboretum
D:2:      layout_loops_cross, minmay_cupped
D:3:      layout_basic, dreamdust_divine_triumvirate, uniq_jessica
D:4:      layout_loops_corners, nemelex_spade_bored_becter,
          mainiacjoe_overflow_swirl, mainiacjoe_overflow_cross_hatched,
          serial_bayou_crossing, uniq_eustachio, uniq_blork_the_orc

Skill      XL: |  1  2  3  4 |
---------------+-------------+-----
Fighting       | 4 |  4.7
Axes           | 4 |  4.9
Stealth        | 1 |  1.1
Armour         | |  2.9
Dodging        | |  2.9

Action                     |  1- 3 |  4- 6 || total
---------------------------+-------+-------++-------
  Melee: Hand axe          |    62 |    30 ||    92
         Headbutt          |    11 |     7 ||    18
         Punch             |     1 |       ||     1
 Invoke: Berserk           |       |     1 ||     1
   Stab: Sleeping          |     2 |       ||     2
 Armour: Animal skin       |     9 |     4 ||    13
  Dodge: Dodged            |    40 |    22 ||    62
